 Dungeon Crawl Stone Soup version 0.27.1-33-g824d729ab1 (webtiles) character file.

Game seed: 15399555910377338307

109 Gabide the Skirmisher (level 4, -2/37 HPs)
             Began as a Mummy Fighter on Dec 3, 2021.
             Was an Initiate of Ashenzari.
             Slain by Edmund (5 damage)
             ... on level 4 of the Dungeon.
             The game lasted 00:03:22 (2895 turns).

Gabide the Skirmisher (Mummy Fighter)               Turns: 2895, Time: 00:03:23

Health: -2/37      AC: 11    Str: 20    XL:     4   Next: 59%
Magic:  4/4        EV:  7    Int: 13    God:    Ashenzari [......]
Gold:   118        SH:  9    Dex: 11    Spells: 3/3 levels left

rFire    x . .     SeeInvis .   a - +1 trident
rCold    + . .     Faith    .   c - +0 kite shield
rNeg     + + +     Spirit   .   b - +1 scale mail
rPois    ∞         Reflect  .   d - +2 helmet "Share My Cynicism" {Melee, Range} (curse)
rElec    .         Harm     .   (no cloak)
rCorr    .         Rampage  .   (no gloves)
Will     .....                  i - +0 pair of boots
Stlth    ..........             h - amulet of the acrobat
HPRegen  0.12/turn              e - +6 ring of intelligence
MPRegen  0.09/turn              (no ring)

@: no status effects
A: cold resistance 1, negative energy resistance 3, torment resistance 2, heat
vulnerability 1, no potions
a: Renounce Religion, Shatter the Chains


You were on level 4 of the Dungeon.
You worshipped Ashenzari.
Ashenzari was noncommittal.
You visited 1 branch of the dungeon, and saw 4 of its levels.

You collected 118 gold pieces.

Inventory:

Hand Weapons
 a - a +1 trident (weapon)
Armour
 b - a +1 scale mail (worn)
 c - a +0 kite shield (worn)
 d - the cursed +2 helmet "Share My Cynicism" (worn) {Melee, Range}
   (You found it on level 1 of the Dungeon)

   It has a curse which improves the following skills: Melee Combat: Short
   Blades, Long Blades, Axes, Maces & Flails, Polearms, Staves and Unarmed
   Combat.
   Ranged Combat: Slings, Bows, Crossbows and Throwing.
 i - a +0 pair of boots (worn)
Jewellery
 e - a +6 ring of intelligence (left hand)
 h - an amulet of the acrobat (around neck)
Wands
 g - a wand of charming (10)
 j - a wand of flame (15)
Scrolls
 f - a scroll of enchant weapon


   Skills:
 + Level 3.7 Fighting
 + Level 2.7(3.2) Polearms
 + Level 2.7 Armour
 + Level 0.7 Dodging
 + Level 2.8 Shields


You had 3 spell levels left.
You didn't know any spells.
Your spell library contained the following spells:

 Spells                   Type           Power      Damage    Failure   Level
 Chain Lightning          Conj/Air       0%         N/A       100%        9
 Fire Storm               Conj/Fire      0%         5d1       100%        9


Dungeon Overview and Level Annotations

Branches:
Dungeon (4/15)
 Temple: D:4-7

Altars:
Ashenzari
Dithmenos
Wu Jian

Shops:
D:3 :

Annotations:
D:4 Edmund


Innate Abilities, Weirdness & Mutations

You are immune to poison.
Your flesh is cold resistant. (rC+)
You are immune to negative energy. (rN+++)
You are immune to unholy pain and torment.
You are vulnerable to heat. (rF-)
You do not drink.


Message History

You barely miss Edmund.
Edmund is severely wounded.
Edmund hits you with a +0 dire flail of protection!
You hit Edmund but do no damage.
Edmund is severely wounded.
Edmund hits you with a +0 dire flail of protection!
You block Edmund's attack.
You can't drink.
Okay, then.
Found 29 stones.
You block Edmund's attack. Edmund misses you. You block Edmund's attack.
You hit Edmund.
Edmund is almost dead.
Edmund hits you but does no damage.
You hit Edmund but do no damage.
Edmund is almost dead.
Edmund hits you with a +0 dire flail of protection!
* * * LOW HITPOINT WARNING * * *
You block Edmund's attack.
You hit Edmund but do no damage.
Edmund is almost dead.
Edmund grinds his teeth, and then sighs.
You block Edmund's attack.
You closely miss Edmund.
Edmund is almost dead.
You block Edmund's attack.
You hit Edmund.
Edmund is almost dead.
You block Edmund's attack.
Edmund hits you with a +0 dire flail of protection.
* * * LOW HITPOINT WARNING * * *
Your shield prevents you from hitting Edmund.
Edmund is almost dead.
Edmund barely misses you.
You hit Edmund but do no damage.
Edmund is almost dead.
Edmund hits you with a +0 dire flail of protection.
You die...

#..............
......_......
.§§.........
#§§§...§..
#§...§§§
#....§# ##..§##
#...@.###
#...#.#@.<#
#####.##### ...
##... #####


You could see Edmund.

Vanquished Creatures
  4 adders
  3 worms
  3 dart slugs
  4 orcs (D:3)
  5 ball pythons
  3 endoplasms (D:3)
  7 hobgoblins
  4 jackals (D:2)
  4 kobolds
  A quokka (D:1)
  5 bats
  2 frilled lizards (D:2)
  5 goblins
  5 rats
55 creatures vanquished.

Notes
Turn   | Place    | Note
-------+----------+-------------------------------------------
     0 | D:1      | Gabide the Mummy Fighter began the quest for the Orb.
     0 | D:1      | Reached XP level 1. HP: 18/18 MP: 1/1
   222 | D:1      | Reached XP level 2. HP: 17/24 MP: 2/2
   364 | D:1      | Found a faded altar of an unknown god.
   881 | D:2      | Reached XP level 3. HP: 29/29 MP: 3/3
  1281 | D:2      | Found a broken altar of Ashenzari.
  1293 | D:2      | Became a worshipper of Ashenzari the Shackled
  1839 | D:3      | Reached XP level 4. HP: 35/35 MP: 4/4
  2041 | D:3      | Found an ornate altar of the Wu Jian Council.
  2372 | D:3      | Found Xovaren's Book Emporium.
  2870 | D:4      | Found a shadowy altar of Dithmenos.
  2870 | D:4      | Noticed Edmund
  2895 | D:4      | Slain by Edmund

Illustrated notes

Levels and vault maps discovered:
D:1:      mrwooster_arrival_statue_2, layout_loops_cross,
          ebering_ecumenical_altar_rust, kennysheep_crisscross
D:2:      layout_loops_ring, basic_altar
D:3:      minmay_evil_eye, layout_basic, nzn_wu_jian_council_hall, serial_shops,
          shop
D:4:      layout_basic, demons_altar, nicolae_dithmenos_the_darkroom,
          minmay_temple_entry_hall, gup_sewer_entry_spiral, serial_bayou_pond_b,
          uniq_edmund, uniq_pikel

Skill      XL: |  1  2 |
---------------+-------+-----
Polearms       | 2 |  2.7
Fighting       | |  3.7
Armour         | |  2.7
Dodging        | |  0.7
Shields        | |  2.8

Action                   |  1- 3 |  4- 6 || total
-------------------------+-------+-------++-------
Melee: Trident           |   124 |    67 ||   191
Invok: Curse Item        |       |     1 ||     1
  Use: Scroll            |     5 |       ||     5
Armor: Scale mail        |    51 |    29 ||    80
Dodge: Dodged            |    29 |    23 ||    52
Block: Kite shield       |    49 |    36 ||    85
